 Dungeon Crawl Stone Soup version 0.29.1-12-g30fa7ad0bf (webtiles) character file.

Game seed: 5310297554472022445

171 concernfroge the Trooper (level 5, 0/44 HPs)
             Began as a Mummy Monk on Dec 24, 2022.
             Was a Believer of Okawaru.
             Slain by an iguana (5 damage)
             ... on level 4 of the Dungeon.
             The game lasted 00:10:57 (4424 turns).

concernfroge the Trooper (Mummy Monk)               Turns: 4424, Time: 00:10:57

Health: 0/44       AC: 10    Str: 16    XL:     5   Next: 26%
Magic:  6/6        EV:  7    Int: 16    God:    Okawaru [**....]
Gold:   159        SH:  0    Dex: 14    Spells: 4/4 levels left

rFire   x . .      SeeInvis .   n - +0 trident
rCold   + . .      Faith    .   (no shield)
rNeg    + + +      Spirit   .   g - +0 chain mail
rPois   ∞          Reflect  .   (no helmet)
rElec   .          Harm     .   b - +1 cloak
rCorr   .          Rampage  .   (no gloves)
Will    .....                   (no boots)
Stlth   ..........              (no amulet)
HPRegen 0.14/turn               j - +6 ring of intelligence
MPRegen 0.10/turn               (no ring)

@: no status effects
A: cold resistance 1, negative energy resistance 3, torment resistance 2, heat
vulnerability 1, in touch with death 1, no potions
a: Renounce Religion, Heroism


You were on level 4 of the Dungeon.
You worshipped Okawaru.
Okawaru was pleased with you.
You visited 1 branch of the dungeon, and saw 4 of its levels.

You collected 159 gold pieces.

Inventory:

Hand Weapons
 n - a +0 trident (weapon)
Armour
 b - a +1 cloak (worn)
 g - a +0 chain mail (worn)
Jewellery
 j - a +6 ring of intelligence (left hand)
 m - a ring of ice
Wands
 l - a wand of mindburst (18)
Scrolls
 d - 4 scrolls of identify {unknown}
 e - a scroll of noise {unknown}
 f - a scroll of blinking {unknown}
 h - a scroll of teleportation {unknown}
 i - 3 scrolls of torment {unknown}
 k - a scroll of fog {unknown}
 o - a scroll of poison {unknown}
 p - 2 scrolls of enchant weapon {unknown}


   Skills:
 + Level 5.5 Fighting
 - Level 2.4 Polearms
 - Level 2.4 Dodging
 - Level 1.5 Stealth
 + Level 1.7 Invocations


You had 4 spell levels left.
You didn't know any spells.
Your spell library contained the following spells:

 Spells                   Type           Power      Damage    Failure   Level
 Static Discharge         Conj/Air       0%         3-3/arc   100%        2
 Confusing Touch          Hex            0%         N/A       100%        3
 Lightning Bolt           Conj/Air       0%         1d11      100%        5
 Yara's Violent Unravell  Hex/Tmut       0%         3d3       100%        5
 Enfeeble                 Hex            0%         N/A       100%        7
 Maxwell's Capacitive Co  Air            0%         ∞         100%        8
 Malign Gateway           Summ/Tloc      Unusable   N/A       N/A         7
 Summon Horrible Things   Summ           Unusable   N/A       N/A         8

Dungeon Overview and Level Annotations

Branches:
Dungeon (4/15)
 Temple: D:4-7

Altars:
Okawaru

Annotations:
D:3 1 runed translucent door, SirLogeyBear's ghost, amateur HOBe


Innate Abilities, Weirdness & Mutations

You are immune to poison.
Your flesh is cold resistant. (rC+)
You are immune to negative energy. (rN+++)
You are immune to unholy pain and torment.
You are vulnerable to heat. (rF-)
You are in touch with the powers of death.
You do not drink.


Message History

The iguana hisses angrily.
Found a dagger.
There is a stone staircase leading up here.
You barely miss the goblin. The goblin barely misses you.
You barely miss the goblin. The goblin hits you but does no damage.
You closely miss the iguana.
The iguana bites you but does no damage.
The goblin hits you but does no damage. The iguana bites you.
The adder bites you but does no damage. The goblin attacks as you move away!
The goblin barely misses you. The iguana attacks as you move away!
The iguana bites you! The adder attacks as you move away!
The adder bites you but does no damage.
Found a stone staircase leading down.
The adder bites you.
Okay, then.
The iguana attacks as you move away!
The iguana bites you but does no damage.
Okay, then.
You hit the iguana.
The iguana is lightly wounded.
The iguana bites you.
You hit the iguana.
The iguana is moderately wounded.
The iguana bites you but does no damage.
You hit the iguana. You punch the iguana, but do no damage.
The iguana is severely wounded.
The iguana bites you. The iguana bites you!
* * * LOW HITPOINT WARNING * * *
As you read the scroll labelled JEGGAPHEFRON, it crumbles to dust.
It is a scroll of amnesia.
You feel forgetful for a moment.
The iguana bites you but does no damage.
As you read the scroll labelled XOSCHU EMAIGEO, it crumbles to dust.
It is a scroll of enchant armour.
Your +0 cloak glows green for a moment.
The iguana bites you.
* * * LOW HITPOINT WARNING * * *
Okay, then.
You hit the iguana but do no damage.
The iguana is severely wounded.
The iguana bites you.
You die...

# ## #... .#. ..
#. #.#.#######
#>..@lg...#
######.##....
#.....######.
#............
#....w.......
#.....)......
#..<.........
.................
.................


You could see an iguana and a goblin.

Vanquished Creatures
  An orc wizard (D:3)
  A gnoll (D:1)
  2 adders (D:3)
  A worm (D:3)
  3 dart slugs
  4 orcs (D:3)
  8 ball pythons
  4 bats (D:1)
  3 endoplasms
  7 giant cockroaches
  25 goblins
  19 hobgoblins
  2 quokkas (D:2)
  2 frilled lizards
  10 kobolds
  4 rats (D:1)
96 creatures vanquished.

Notes
Turn   | Place    | Note
-------+----------+-------------------------------------------
     0 | D:1      | concernfroge the Mummy Monk began the quest for the Orb.
     0 | D:1      | Reached XP level 1. HP: 18/18 MP: 1/1
   355 | D:1      | Reached XP level 2. HP: 21/24 MP: 2/2
   858 | D:1      | Reached skill level 4 in Fighting
   942 | D:1      | Gained mutation: You are in touch with the powers of death.
                  | [Mummy growth]
   942 | D:1      | Reached XP level 3. HP: 18/31 MP: 3/3
  2398 | D:3      | Reached XP level 4. HP: 25/38 MP: 4/4
  2506 | D:3      | Found a runed translucent door.
  2510 | D:3      | Noticed SirLogeyBear's ghost (amateur HOBe)
  2603 | D:3      | Found an iron altar of Okawaru.
  2612 | D:3      | Reached skill level 5 in Fighting
  2627 | D:3      | Became a worshipper of Warmaster Okawaru
  2627 | D:3      | Reached * piety under Okawaru
  2627 | D:3      | Reached ** piety under Okawaru
  3145 | D:3      | Reached skill level 1 in Invocations
  3786 | D:3      | Reached XP level 5. HP: 42/44 MP: 5/5
  4424 | D:4      | Slain by an iguana

Illustrated notes

Levels and vault maps discovered:
D:1:      dpeg_arrival_leaves_temple_mockup, layout_basic, minmay_tall_x
D:2:      layout_loops_ring, amethyst_killhole, kennysheep_generic_room_7
D:3:      minmay_goblin_kobold_castle, layout_loops_corners, tso_metal_star,
          lemuel_doored_altar, ebering_ghost_sewer_d,
          nicolae_elevator_lobby_plus
D:4:      layout_basic, amcnicky_altar_gilded, minmay_box_of_dots

Skill      XL: |  1  2  3  4 |
---------------+-------------+-----
Fighting       | 4 5 |  5.5
Invocations    | 1 |  1.7
Polearms       | |  2.4
Dodging        | |  2.4
Stealth        | |  1.5

Action                   |  1- 3 |  4- 6 || total
-------------------------+-------+-------++-------
Melee: Spear             |   180 |    40 ||   220
       Punch             |     2 |     1 ||     3
       Trident           |       |   133 ||   133
Throw: Stone             |    19 |       ||    19
Evoke: Wand              |       |     1 ||     1
  Use: Scroll            |     1 |     2 ||     3
 Stab: Sleeping          |     6 |       ||     6
Armor: Robe              |     8 |       ||     8
       Chain mail        |    16 |    77 ||    93
Dodge: Dodged            |    67 |    52 ||   119
